 Dungeon Crawl Stone Soup version 0.30-a0-140-gd1020e658a (webtiles) character file.

Game seed: 6287206034120883479

167 KennySheep the Sneak (level 5, -1/44 HPs)
             Began as a Naga Earth Elementalist on Sept 25, 2022.
             Was a Believer of Dithmenos.
             Slain by Ijyb
             ... wielding a +5 club
              (9 damage)
             ... on level 3 of the Dungeon.
             The game lasted 00:11:25 (3475 turns).

KennySheep the Sneak (Naga Earth Elementalist)      Turns: 3475, Time: 00:11:25

Health: -1/44      AC:  7    Str: 10    XL:     5   Next: 48%
Magic:  5/8        EV:  8    Int: 16    God:    Dithmenos [**....]
Gold:   174        SH:  0    Dex: 13    Spells: 2/8 levels left

rFire   . . .      SeeInvis +    l - +0 dagger
rCold   + . .      Faith    .    (no shield)
rNeg    . . .      Spirit   .    j - +2 ring mail {rC+}
rPois   +          Reflect  .    (no helmet)
rElec   .          Harm     .    k - +0 cloak
rCorr   .          Rampage  .    (no gloves)
Will    .....                    (no barding)
Stlth   ++........               (no amulet)
HPRegen 0.14/turn                (no ring)
MPRegen 0.11/turn                (no ring)

@: hasted, wreathed by umbra, quick
A: AC +1, large, see invisible, deformed body, poison resistance, slowness 2,
spit poison 1, naga tail 1
a: Spit Poison, Renounce Religion, Shadow Step


You were on level 3 of the Dungeon.
You worshipped Dithmenos.
Dithmenos was pleased with you.
You visited 1 branch of the dungeon, and saw 3 of its levels.

You collected 174 gold pieces.

Inventory:

Hand Weapons
 e - a +0 short sword
 l - a +0 dagger (weapon)
Armour
 a - a +0 robe
 j - a +2 ring mail of cold resistance (worn)
 k - a +0 cloak (worn)
Scrolls
 d - a scroll of brand weapon {unknown}
 f - a scroll of noise
 g - a scroll of enchant armour
 m - a scroll of silence
 n - a scroll of immolation
 o - a scroll of poison
Potions
 c - 3 potions of lignification
 h - a potion of flight
 i - a potion of haste


   Skills:
 + Level 1.2 Fighting
 + Level 1.2 Short Blades
 + Level 0.2 Armour
 - Level 1.5 Dodging
 + Level 4.5 Stealth
 - Level 2.0 Spellcasting
 - Level 2.3 Transmutations
 * Level 4.4 Earth Magic


You had 2 spell levels left.
You knew the following spells:

 Your Spells              Type           Power      Damage    Failure   Level
a - Sandblast             Erth           30%        2d9       9%          1
c - Stone Arrow           Conj/Erth      16%        3d8       54%         3
z - Passwall              Tmut/Erth      10%        N/A       21%         2

Your spell library contained the following spells:

 Spells                   Type           Power      Damage    Failure   Level
 Petrify                  Tmut/Erth      12%        N/A       80%         4
 Gell's Gravitas          Tloc           1%         N/A       85%         3
 Teleport Other           Tloc           1%         N/A       85%         3
 Dispersal                Tloc           0%         N/A       100%        6


Dungeon Overview and Level Annotations

Branches:
Dungeon (3/15)

Altars:
Dithmenos
Ru

Annotations:
D:3 Ijyb


Innate Abilities, Weirdness & Mutations

Your serpentine skin is tough. (AC +1)
You have supernaturally acute eyesight. (SInv)
Armour fits poorly on your strangely shaped body.
Your system is resistant to poisons. (rPois)
You cover ground very slowly.
You can spit poison.
You have a snake-like lower body.


Message History

The blast of sand hits Ijyb.
Ijyb is moderately wounded.
Ijyb hits you with a +5 club!
Your magical contamination has completely faded away.
The blast of sand misses Ijyb.
Ijyb barely misses you. Ijyb hits you with a +5 club.
The blast of sand hits Ijyb.
Ijyb is heavily wounded.
Ijyb screams, "It's all mine!"
Ijyb hits you but does no damage.
The blast of sand hits Ijyb.
Ijyb is heavily wounded.
Ijyb hits you with a +5 club. x2
You feel yourself speed up. Ijyb hits you with a +5 club.
* * * LOW HITPOINT WARNING * * *
Magic courses through your body.
Casting: Sandblast (safe; 9% risk of failure)
Confirm with . or Enter, or press ? or * to list all spells.
Okay, then.
Okay, then.
Aiming: Sandblast (safe; 9% risk of failure)
Press: ? - help, Q - select action, (/) - cycle Shift-Dir - straight line, f/p - Ijyb
Aim: Ijyb, wielding a +5 club and wearing a +1 leather armour of cold resistance (heavily wounded, umbra, 77% to hit)
The blast of sand hits Ijyb but does no damage.
Ijyb is heavily wounded.
Ijyb hits you with a +5 club.
* * * LOW HITPOINT WARNING * * *
Aiming: Sandblast (safe; 9% risk of failure)
Press: ? - help, Q - select action, (/) - cycle Shift-Dir - straight line, f/p - Ijyb
Aim: Ijyb, wielding a +5 club and wearing a +1 leather armour of cold resistance (heavily wounded, umbra, 77% to hit)
The blast of sand hits Ijyb.
Ijyb is severely wounded.
Ijyb closely misses you.
Aiming: Sandblast (safe; 9% risk of failure)
Press: ? - help, Q - select action, (/) - cycle Shift-Dir - straight line, f/p - Ijyb
Aim: Ijyb, wielding a +5 club and wearing a +1 leather armour of cold resistance (severely wounded, umbra, 77% to hit)
The blast of sand hits Ijyb.
Ijyb is severely wounded.
Ijyb hits you with a +5 club!
You die...

# #. #.# #. #. #. #.# #.
###.##.### #.# #.
#........#####.# #.
#............#.########.
.............+..........
#............#.####.....
........................
.......@................
.......g................
#####.....#######.......
.............#..#....
...........g..#..+....
#....#......###.#..#....
#............ #.#..#....
#.............#.#.......
#...##. #.#.......


You could see Ijyb.

Vanquished Creatures
  Jessica (D:3)
  3 gnolls (D:2)
  4 adders
  A worm (D:2)
  2 dart slugs (D:1)
  An orc (D:3)
  4 endoplasms
  A giant cockroach (D:2)
  5 goblins
  7 hobgoblins
  6 jackals
  6 kobolds
  4 quokkas
  9 ball pythons
  4 bats
  5 frilled lizards
  6 rats
69 creatures vanquished.

Notes
Turn   | Place    | Note
-------+----------+-------------------------------------------
     0 | D:1      | KennySheep the Naga Earth Elementalist began the quest for
                  | the Orb.
     0 | D:1      | Reached XP level 1. HP: 15/15 MP: 3/3
    56 | D:1      | Found a faded altar of an unknown god.
   256 | D:1      | Prayed at the altar of an unknown god.
   256 | D:1      | Became a worshipper of Dithmenos the Shadowed
   256 | D:1      | Reached * piety under Dithmenos
   328 | D:1      | Reached XP level 2. HP: 21/22 MP: 0/5
   331 | D:1      | Learned a level 2 spell: Passwall
   888 | D:1      | Reached XP level 3. HP: 21/28 MP: 1/6
  1142 | D:1      | Learned a level 3 spell: Stone Arrow
  1703 | D:2      | Reached ** piety under Dithmenos
  2153 | D:3      | Noticed Jessica
  2161 | D:3      | Killed Jessica
  2162 | D:3      | Reached XP level 4. HP: 37/37 MP: 4/7
  2273 | D:3      | Noticed Ijyb
  2577 | D:2      | Reached skill level 1 in Fighting
  2577 | D:2      | Reached skill level 1 in Short Blades
  2577 | D:2      | Reached XP level 5. HP: 6/44 MP: 0/8
  3147 | D:2      | Found a sacrificial altar of Ru.
  3475 | D:3      | Slain by Ijyb

Illustrated notes

Levels and vault maps discovered:
D:1:      scummos_arrival_checkerplants, layout_basic,
          hellmonk_ecumenical_altar_pennies_from_heaven,
          serial_co_window_serial, co_window_paths_a,
          co_window_of_opportunity_a, co_window_cross_1, co_window_corner_a,
          co_window_paths_a, co_window_2corner, co_window_2corner,
          co_window_cross_3, co_window_of_opportunity_c, co_window_2corner,
          co_window_cross_3, co_window_paths_e, glass_columns_a,
          glass_columns_b, glass_columns_c, glass_columns_c,
          minmay_misc_feat_five
D:2:      layout_basic, basic_altar, minmay_misc_feat_roman, minmay_box_of_dots
D:3:      layout_basic, uniq_jessica, uniq_ijyb

Skill      XL: |  1  2  3  4 |
---------------+-------------+-----
Transmutations | 2 |  2.3
Stealth        | 4 |  4.5
Earth Magic    | 4 |  4.4
Fighting       | 1 |  1.2
Short Blades   | 1 |  1.2
Armour         | |  0.2
Dodging        | |  1.5
Spellcasting   | |  2.0

Action                   |  1- 3 |  4- 6 || total
-------------------------+-------+-------++-------
Melee: Short sword       |     9 |       ||     9
       Dagger            |     2 |    14 ||    16
 Cast: Sandblast         |    63 |    51 ||   114
       Passwall          |     5 |       ||     5
 Abil: Spit Poison       |     1 |     1 ||     2
  Use: Scroll            |     1 |     7 ||     8
       Potion            |       |     5 ||     5
 Stab: Sleeping          |     4 |       ||     4
Armor: Robe              |     4 |     5 ||     9
       Ring mail         |       |     2 ||     2
       Skin              |       |     1 ||     1
Dodge: Dodged            |    21 |    17 ||    38

Table legend: (Time is in decaauts)
 A = Elapsed time spent in this place.
 B = Non-inter-level travel time spent in this place.
 C = Inter-level travel time spent in this place.
 D = Time resting spent in this place.
 E = Time spent auto-exploring this place.
 F = Levels seen in this place.
 G = Mean time per level.
                   A        B        C        D        E       F      G
               +--------+--------+--------+--------+--------+-----+--------+
         Total |   4139 |   4093 |     46 |    913 |   2488 |   3 | 1379.7 |
       Dungeon |   4139 |   4093 |     46 |    913 |   2488 |   3 | 1379.7 |
               +--------+--------+--------+--------+--------+-----+--------+

Top non-repeatable levels by time:
     D:1: 2016 daAuts
     D:2: 1442 daAuts
     D:3: 680 daAuts
